 Dungeon Crawl Stone Soup version 0.30-a0-136-gea98e250e0 (webtiles) character file.

Game seed: 8712409407837798236

2364 Essalna the Zephyrmancer (level 9, -8/56 HPs)
             Began as a Tengu Air Elementalist on Sept 21, 2022.
             Was a Follower of Vehumet.
             Mangled by a boulder beetle (21 damage)
             ... on level 7 of the Dungeon.
             The game lasted 00:13:37 (8263 turns).

Essalna the Zephyrmancer (Tengu Air Elementalist)   Turns: 8263, Time: 00:13:38

Health: -8/56      AC:  7    Str:  9    XL:     9   Next: 44%
Magic:  6/13       EV: 17    Int: 25    God:    Vehumet [*.....]
Gold:   437        SH:  0    Dex: 15    Spells: 5/12 levels left

rFire   . . .      SeeInvis .    p - +3 hand axe
rCold   . . .      Faith    .    (no shield)
rNeg    . . .      Spirit   .    a - +0 robe
rPois   .          Reflect  .    (helmet restricted)
rElec   .          Harm     .    v - +0 cloak
rCorr   .          Rampage  .    (no gloves)
Will    .....                    (boots unavailable)
Stlth   ++........               (no amulet)
HPRegen 0.18/turn                f - +4 ring of protection
MPRegen 0.13/turn                n - +6 ring of intelligence

@: flying quickly and evasively, quick
A: beak, talons 3, nimble flight
a: Renounce Religion


You were on level 7 of the Dungeon.
You worshipped Vehumet.
Vehumet was aware of your devotion.
You visited 2 branches of the dungeon, and saw 8 of its levels.

You collected 437 gold pieces.

Inventory:

Hand Weapons
 p - a +3 hand axe (weapon)
Armour
 a - a +0 robe (worn)
 v - a +0 cloak (worn)
Magical Staves
 u - a staff of earth
 F - a staff of fire
Jewellery
 f - a +4 ring of protection (left hand)
 n - a +6 ring of intelligence (right hand)
 o - an amulet of faith
Wands
 y - a wand of mindburst (3)
 I - a wand of acid (11)
 J - a wand of paralysis (11)
Scrolls
 c - 10 scrolls of identify {unknown}
 d - 3 scrolls of blinking {unknown}
 e - a scroll of enchant armour {unknown}
 j - a scroll of brand weapon {unknown}
 k - 4 scrolls of immolation {unknown}
 m - 2 scrolls of butterflies {unknown}
 r - 2 scrolls of poison {unknown}
 t - a scroll of noise {unknown}
 x - a scroll of amnesia {unknown}
 A - 3 scrolls of teleportation {unknown}
 B - a scroll of enchant weapon {unknown}
 G - a scroll of fear {unknown}
Potions
 b - 4 potions of magic
 g - 3 potions of attraction {unknown}
 h - 4 potions of flight
 i - 3 potions of degeneration {unknown}
 l - 2 potions of lignification {unknown}
 q - 2 potions of curing {unknown}
 s - 2 potions of cancellation {unknown}
 w - a potion of invisibility {unknown}
 z - a potion of ambrosia {unknown}
 C - 3 potions of heal wounds {unknown}
 D - a potion of berserk rage {unknown}
 E - a potion of might {unknown}
 H - 2 potions of mutation {unknown}


   Skills:
 + Level 6.5 Fighting
 - Level 5.0 Armour
 + Level 6.1 Dodging
 - Level 2.0 Stealth
 - Level 2.0 Spellcasting
 - Level 4.0 Conjurations
 + Level 10.0 Air Magic


You had 5 spell levels left.
You knew the following spells:

 Your Spells              Type           Power      Damage    Failure   Level
a - Shock                 Conj/Air       100%       1d9       1%          1
b - Static Discharge      Conj/Air       74%        2-6/arc   1%          2
c - Airstrike             Air            25%        2d(4-20)  1%          4

Your spell library contained the following spells:

 Spells                   Type           Power      Damage    Failure   Level
 Magic Dart               Conj           88%        1d7       2%          1
 Swiftness                Air            51%        N/A       1%          3
 Poisonous Vapours        Pois/Air       54%        N/A       2%          2
 Cigotuvi's Dreadful Rot  Necr/Pois/Air  38%        N/A       4%          2
 Ensorcelled Hibernation  Hex/Ice        4%         N/A       17%         2
 Spider Form              Tmut/Pois      2%         N/A       32%         3
 Anguish                  Hex/Necr       1%         N/A       73%         4


Dungeon Overview and Level Annotations

Branches:
Dungeon (7/15)             Temple (1/1) D:6

Altars:
Ashenzari
Cheibriados
Dithmenos
Elyvilon
Fedhas
Gozag
Hepliaklqana
Kikubaaqudgha
Nemelex Xobeh
Okawaru
Qazlal
Ru
Sif Muna
Trog
Uskayaw
Vehumet
Wu Jian
Xom
Yredelemnul
Zin
The Shining One

Annotations:
D:6 1 runed translucent door


Innate Abilities, Weirdness & Mutations

You have a beak for a mouth.
You have claws for feet.
Your magical nature lets you fly swiftly and evasively.


Message History

You start resting.
Magic restored.
There is a stone staircase leading down here.
You fly downwards.
There is a stone staircase leading up here.
A gargoyle is nearby!
Casting: Airstrike (dangerous; 1% risk of failure)
Confirm with . or Enter, or press ? or * to list all spells.
Aiming: Airstrike (dangerous; 1% risk of failure)
Press: ? - help, Dir - move target, f - gargoyle
Aim: a gargoyle, wielding a +0 morningstar (wandering, hasn't noticed you, empty space bonus: 7/8)
The air twists around and strikes the gargoyle!!
The gargoyle is almost destroyed.
Casting: Airstrike (dangerous; 1% risk of failure)
Confirm with . or Enter, or press ? or * to list all spells.
Aiming: Airstrike (dangerous; 1% risk of failure)
Press: ? - help, Dir - move target, f/p - gargoyle
Aim: a gargoyle, wielding a +0 morningstar (almost destroyed, empty space bonus: 8/8)
The air twists around and strikes the gargoyle!
You destroy the gargoyle!
Vehumet accepts your kill.
Your Dodging skill increases to level 6!
Your Air Magic skill increases to level 10!
Casting: Airstrike (dangerous; 1% risk of failure)
Confirm with . or Enter, or press ? or * to list all spells.
Aiming: Airstrike (dangerous; 1% risk of failure)
Press: ? - help, Dir - move target, f - boulder beetle
Aim: a boulder beetle (empty space bonus: 5/8)
Okay, then.
The boulder beetle curls into a ball and begins rolling!
A boulder beetle is nearby!
The boulder beetle hits you!!!
Ouch! That really hurt!
* * * LOW HITPOINT WARNING * * *
The boulder beetle stops rolling and uncurls.
Okay, then.
It was a potion of flight.
You feel more buoyant. The boulder beetle bites you!!
You die...

#.# ..# #.# #.# #.# #.# ...
#.######.##### ########### ...
#>........@..## #.......... ....
########.).B..# #.......... ....
#.###..###..........
#..########.# ##°..#..........
##...........# ##..#..........
##~~~.........#####..#..........
##~≈≈≈~...####.##.....#..........
#_~~.≈~...# #.##......○○..°°°...
##~≈≈≈~...####.##........)....°..


You could see a boulder beetle.

Vanquished Creatures
  A gargoyle (D:7)
  A troll (D:7)
  A shadow (D:6)
  An acid dragon (D:7)
  2 water moccasins
  2 ice beasts (D:7)
  An orc warrior (D:7)
  2 sky beasts
  A black bear (D:6)
  A centaur (D:7)
  A kobold brigand (D:7)
  A bullfrog (D:7)
  2 scorpions
  2 howler monkeys
  6 hounds
  A jelly (D:7)
  3 iguanas
  An orc wizard (D:7)
  5 adders
  A white imp (D:7)
  2 ufetubi
  2 worms (D:2)
  4 dart slugs
  4 orcs
  6 ball pythons
  A bat skeleton (D:2)
  A bat zombie (D:2)
  9 endoplasms
  A giant cockroach (D:4)
  5 hobgoblins
  7 jackals
  15 kobolds
  3 quokkas
  5 bats
  3 frilled lizards
  2 goblins (D:1)
  A goblin zombie (D:6)
  A kobold skeleton (D:6)
  A quokka skeleton (D:2)
  4 rats
113 creatures vanquished.

Vanquished Creatures (others)
  2 withered plants (D:2)
2 creatures vanquished.

Grand Total: 115 creatures vanquished

Notes
Turn   | Place    | Note
-------+----------+-------------------------------------------
     0 | D:1      | Essalna the Tengu Air Elementalist began the quest for the
                  | Orb.
     0 | D:1      | Reached XP level 1. HP: 10/10 MP: 4/4
   258 | D:1      | Reached XP level 2. HP: 8/15 MP: 1/6
  1032 | D:1      | Reached XP level 3. HP: 19/19 MP: 5/7
  1560 | D:2      | Found a faded altar of an unknown god.
  1837 | D:2      | Reached skill level 5 in Air Magic
  2153 | D:2      | Reached XP level 4. HP: 24/24 MP: 3/8
  2296 | D:2      | Reached skill level 1 in Fighting
  2411 | D:2      | Learned a level 2 spell: Static Discharge
  2416 | D:2      | Learned a level 4 spell: Airstrike
  3217 | D:3      | Gained mutation: Your magical nature lets you fly swiftly
                  | and evasively. [Tengu growth]
  3217 | D:3      | Reached XP level 5. HP: 30/30 MP: 5/9
  3490 | D:4      | Reached skill level 6 in Air Magic
  3611 | D:4      | Found a white marble altar of Elyvilon.
  3984 | D:4      | Found a bloodstained altar of Trog.
  4241 | D:4      | Found a blossoming altar of Fedhas.
  4519 | D:5      | Entered Level 5 of the Dungeon
  4553 | D:5      | Reached XP level 6. HP: 33/36 MP: 6/10
  4651 | D:5      | Reached skill level 1 in Armour
  5315 | D:5      | Found an ancient bone altar of Kikubaaqudgha.
  5322 | D:5      | Found a hazy altar of Hepliaklqana.
  5322 | D:5      | Found a glowing silver altar of Zin.
  5323 | D:5      | Found a shimmering altar of Xom.
  5327 | D:5      | Found a shadowy altar of Dithmenos.
  5328 | D:5      | Found a hide-covered altar of Uskayaw.
  5381 | D:6      | Noticed a water moccasin
  5384 | D:6      | Killed a water moccasin
  5385 | D:6      | Reached skill level 7 in Air Magic
  5385 | D:6      | Reached XP level 7. HP: 41/41 MP: 1/11
  5556 | D:6      | Found a staircase to the Ecumenical Temple.
  5561 | Temple   | Entered the Ecumenical Temple
  5636 | Temple   | Became a worshipper of Vehumet
  5717 | D:6      | Noticed a shadow
  5731 | D:6      | Killed a shadow
  6086 | D:6      | Reached XP level 8. HP: 48/48 MP: 0/12
  6255 | D:6      | Found a runed translucent door.
  6493 | D:6      | Found a basalt altar of Yredelemnul.
  6619 | D:6      | Found a sparkling altar of Nemelex Xobeh.
  6619 | D:6      | Found an opulent altar of Gozag.
  6801 | D:7      | Reached skill level 8 in Air Magic
  7284 | D:7      | Found a snail-covered altar of Cheibriados.
  7304 | D:7      | Reached skill level 5 in Fighting
  7304 | D:7      | Reached skill level 5 in Dodging
  7587 | D:7      | Reached * piety under Vehumet
  7587 | D:7      | Offered knowledge of Magic Dart by Vehumet.
  7603 | D:7      | Reached skill level 5 in Armour
  7603 | D:7      | Reached skill level 9 in Air Magic
  7778 | D:7      | Reached XP level 9. HP: 55/55 MP: 0/13
  7920 | D:7      | Noticed a troll
  7920 | D:7      | Noticed a gargoyle
  7920 | D:7      | Noticed a boulder beetle
  8105 | D:7      | Killed a troll
  8251 | D:7      | Killed a gargoyle
  8252 | D:7      | Reached skill level 10 in Air Magic
  8263 | D:7      | Mangled by a boulder beetle

Illustrated notes

Levels and vault maps discovered:
D:1:      giann_horns, layout_loops_corners,
          wander_ebering_terrifying_dragon_lair
D:2:      layout_basic, serial_undead, serial_undead_f, serial_undead_c,
          serial_undead_c, serial_undead_f, dreamdust_ecumenical_altar_grove
D:3:      layout_basic
D:4:      layout_basic, lemuel_round_altar, overflow_temple_1_default,
          old_standard_altar
D:5:      layout_loops_cross, minitemple, glass_columns_a
D:6:      layout_cave_pools, dk_yredelemnul_ordeal,
          grunt_temple_overflow_opulence, temple_doors_e
D:7:      minmay_the_grid_triangle_9x9_rhombus_thin
          [minmay_the_grid_triangle_9x9_sprig,
          minmay_the_grid_triangle_9x9_prize_top_heavy,
          minmay_the_grid_triangle_9x9_steps,
          minmay_the_grid_triangle_9x9_zippers_vertical], layout_basic,
          kennysheep_slug_shrine
Temple:   nicolae_temple_colour_theory

Skill      XL: |  1  2  3  4  5  6  7  8  9 |
---------------+----------------------------+-----
Conjurations   | 2 3 4 |  4.0
Air Magic      | 5 6 7 9 10 | 10.0
Fighting       | 2 3 4 5 6 |  6.5
Armour         | 2 3 5 |  5.0
Dodging        | 3 4 5 6 |  6.1
Stealth        | |  2.0
Spellcasting   | |  2.0

Action                   |  1- 3 |  4- 6 |  7- 9 || total
-------------------------+-------+-------+-------++-------
Melee: Unarmed           |     5 |       |       ||     5
       Kick              |     5 |     4 |     1 ||    10
       Hand axe          |    11 |    10 |     2 ||    23
       Peck              |       |     1 |     1 ||     2
 Cast: Shock             |    71 |    87 |    76 ||   234
       Static Discharge  |       |     4 |       ||     4
       Airstrike         |       |     2 |    31 ||    33
  Use: Potion            |       |       |     1 ||     1
Armor: Robe              |    13 |     9 |     4 ||    26
Dodge: Dodged            |    18 |    28 |    19 ||    65

Table legend: (Time is in decaauts)
 A = Elapsed time spent in this place.
 B = Non-inter-level travel time spent in this place.
 C = Inter-level travel time spent in this place.
 D = Time resting spent in this place.
 E = Time spent auto-exploring this place.
 F = Levels seen in this place.
 G = Mean time per level.
                   A        B        C        D        E       F      G
               +--------+--------+--------+--------+--------+-----+--------+
         Total |   8001 |   7719 |    282 |    380 |   6547 |   8 | 1000.1 |
       Dungeon |   7919 |   7649 |    270 |    380 |   6492 |   7 | 1131.3 |
        Temple |     81 |     69 |     12 |      0 |     55 |   1 |   81.0 |
               +--------+--------+--------+--------+--------+-----+--------+

Top non-repeatable levels by time:
     D:1: 1544 daAuts
     D:6: 1405 daAuts
     D:7: 1205 daAuts
     D:2: 1075 daAuts
     D:4: 976 daAuts
     D:5: 887 daAuts
     D:3: 824 daAuts
  Temple: 81 daAuts
